[Event "fics rated crazyhouse match"]
[Site "fics, Oklahoma City, OK USA"]
[Date "2000.09.23"]
[White "TheLongOne"]
[WhiteElo "2226"]
[Black "nasnad"]
[BlackElo "2355"]
[TimeControl "60+0"]
[Result "0-1"]

1. e4 Nf6 2. Nc3 e5 3. Bc4 Nc6 4. Nf3 Bc5 5. Bxf7+ Kxf7 6. O-O 
d6 7. P@d5 Rf8 8. dxc6 bxc6 9. d3 P@f4 10. N@f5 B@g4 11. h3 Bgxf5 
12. exf5 Bxf5 13. B@e4 Bxe4 14. Ng5+ Kg8 15. Ncxe4 Bxf2+ 16. Nxf2 P@g3 17. Ng4 
B@b6+ 18. Kh1 N@h2 19. Nxh2 gxh2 20. B@h4 P@g3 21. B@e1 Qd7 22. Ne4 Nxe4 
23. dxe4 N@f2+ 24. Bxf2 gxf2 25. Qh5 B@g6 26. N@e7+ Qxe7 27. Bxe7 N@g3+ 28. Kxh2 
Nxf1+ 29. Kh1 N@g3# 
{TheLongOne checkmated} 0-1

[Event "fics rated crazyhouse match"]
[Site "fics, Oklahoma City, OK USA"]
[Date "2000.09.23"]
[White "ronenl"]
[WhiteElo "2301"]
[Black "BEO"]
[BlackElo "2221"]
[TimeControl "120+0"]
[Result "0-1"]

1. e4 e6 2. Nc3 d5 3. exd5 exd5 4. Bb5+ Nc6 5. Qe2+ Be7 6. d4 
Nf6 7. Bg5 O-O 8. Bxc6 bxc6 9. h3 Rb8 10. Rb1 B@b4 11. P@d2 Bxc3 
12. dxc3 Ne4 13. Be3 Nxc3 14. bxc3 Rxb1+ 15. B@d1 N@b2 16. N@c1 Nxd1 17. Qxd1 
P@b2 18. Nf3 bxc1=Q 19. Bxc1 P@b2 20. O-O bxc1=Q 21. Qxc1 Rxc1 22. Rxc1 N@e2+ 
23. Kh2 Nxc1 24. P@h6 B@f4# 
{ronenl resigns} 0-1

[Event "fics rated crazyhouse match"]
[Site "fics, Oklahoma City, OK USA"]
[Date "2000.09.23"]
[White "nasnad"]
[WhiteElo "2360"]
[Black "TheLongOne"]
[BlackElo "2221"]
[TimeControl "60+0"]
[Result "1-0"]

1. e4 e6 2. d4 Nf6 3. Nc3 Bb4 4. Bd3 Bxc3+ 5. bxc3 N@h4 6. B@f1 
d5 7. e5 Ne4 8. Bd2 Nxd2 9. Qxd2 B@g5 10. N@e3 O-O 11. Nh3 Nc6 
12. Rg1 Nxe5 13. dxe5 P@e4 14. Bde2 Bd7 15. Nxg5 Qxg5 16. N@h3 Qg6 17. B@g3 
Nf5 18. Nf4 Nxe3 19. Nxg6 fxg6 20. Qxe3 N@b5 21. Bxb5 Bxb5 22. Bxb5 B@b2 
23. N@e7+ Kh8 24. Rb1 N@f5 25. Nxf5 exf5 26. B@e7 Rf7 27. N@g5 Rxe7 28. N@f7+ 
Rxf7 29. Nxf7+ Kg8 30. R@h8+ Kxf7 31. Rxa8 N@f8 32. Rxf8+ Kxf8 33. Q@e8# 
{TheLongOne checkmated} 1-0

[Event "fics rated crazyhouse match"]
[Site "fics, Oklahoma City, OK USA"]
[Date "2000.09.23"]
[White "TheLongOne"]
[WhiteElo "2216"]
[Black "nasnad"]
[BlackElo "2365"]
[TimeControl "60+0"]
[Result "1-0"]

1. e4 Nf6 2. Nc3 e5 3. Bc4 Nc6 4. Nf3 Bc5 5. Bxf7+ Kxf7 6. P@b5 
d6 7. bxc6 bxc6 8. d3 P@h6 9. N@f5 B@h5 10. Nxh6+ gxh6 11. Bxh6 Bxf2+ 
12. Kxf2 N@g4+ 13. Kf1 Nxh6 14. P@g5 Nhg4 15. gxf6 Ne3+ 16. Ke2 Nxd1 17. N@g5+ 
Kxf6 18. Nxd1 Bxf3+ 19. Nxf3 N@f4+ 20. Kd2 B@h6 21. P@h4 Q@e2+ 22. Kc1 Nxd3+ 
23. Kb1 Nb4 24. B@g5+ Bxg5 25. hxg5+ Kf7 26. B@h5+ P@g6 27. Nxe5+ dxe5 28. Bxe2 
N@d2+ 29. Kc1 Nxe4 30. N@h6+ Ke6 31. B@f7+ Ke7 32. P@f6+ Kd7 33. Q@c4 B@d5 
34. Qxe4 P@d2+ 35. Kb1 Bxe4 36. N@c5+ Kd6 37. Nxe4+ Kd7 38. B@e6# 
{nasnad checkmated} 1-0

[Event "fics rated crazyhouse match"]
[Site "fics, Oklahoma City, OK USA"]
[Date "2000.09.23"]
[White "BEO"]
[WhiteElo "2231"]
[Black "ronenl"]
[BlackElo "2291"]
[TimeControl "120+0"]
[Result "0-1"]

1. e4 e6 2. d4 d5 3. e5 c5 4. Nf3 Nc6 5. Bf4 Qb6 6. Nc3 
Qxb2 7. Nb5 Kd8 8. dxc5 Bxc5 9. Nd6 Bb4+ 10. P@d2 Ke7 11. Bg5+ P@f6 
12. Nxc8+ Rxc8 13. exf6+ gxf6 14. B@g7 P@c3 15. Bxh8 cxd2+ 16. Bxd2 Bxd2+ 17. Nxd2 
B@c3 18. B@e3 Qxa1 19. Qxa1 Bxa1 20. Bc5+ P@d6 21. Bxd6+ Kd7 22. P@b5 R@d1+ 
23. Kxd1 N@c3+ 24. Ke1 Q@d1# 
{BEO checkmated} 0-1

[Event "fics rated crazyhouse match"]
[Site "fics, Oklahoma City, OK USA"]
[Date "2000.09.23"]
[White "nasnad"]
[WhiteElo "2354"]
[Black "TheLongOne"]
[BlackElo "2227"]
[TimeControl "60+0"]
[Result "1-0"]

1. e4 e6 2. Nf3 d5 3. e5 Nc6 4. d4 Nge7 5. h4 Nf5 6. h5 
g6 7. hxg6 fxg6 8. Bg5 P@e7 9. P@f6 Kf7 10. fxe7 Ncxe7 11. Bf6 P@g7 
12. Bxg7 Bxg7 13. P@f6 Bxf6 14. exf6 P@e3 15. Ng5+ Kxf6 16. B@e5+ Kxg5 17. P@f4# 
{TheLongOne checkmated} 1-0

[Event "fics rated crazyhouse match"]
[Site "fics, Oklahoma City, OK USA"]
[Date "2000.09.23"]
[White "TheLongOne"]
[WhiteElo "2222"]
[Black "nasnad"]
[BlackElo "2359"]
[TimeControl "60+0"]
[Result "0-1"]

1. e4 Nf6 2. Bc4 e5 3. Bxf7+ Kxf7 4. Nf3 d6 5. d4 exd4 6. Nxd4 
B@h5 7. P@f3 Nc6 8. P@e6+ Bxe6 9. Nxe6 Kxe6 10. B@d5+ Ke7 11. Bg5 P@e6 
12. Bxe6 Kxe6 13. P@f5+ Ke7 14. Bxf6+ gxf6 15. N@d5+ Kd7 16. Nbc3 B@a5 17. a3 
N@h4 18. Rg1 P@h3 19. gxh3 Nxf3+ 20. Qxf3 Bxf3 21. P@e2 Bxe2 22. Kxe2 Nd4+ 
23. Kd1 Bxc3 24. B@e6+ Kc6 25. N@b4+ Kb5 26. a4+ Ka5 27. bxc3 Q@e2+ 28. Kc1 
P@d2+ 29. Kb2 N@c4+ 30. Ka2 P@b3+ 31. cxb3 d1=Q+ 32. P@b2 Qxb3+ 33. Kb1 Qbxb2# 
{TheLongOne checkmated} 0-1

[Event "fics rated crazyhouse match"]
[Site "fics, Oklahoma City, OK USA"]
[Date "2000.09.23"]
[White "nasnad"]
[WhiteElo "2364"]
[Black "TheLongOne"]
[BlackElo "2217"]
[TimeControl "60+0"]
[Result "1-0"]

1. e4 e6 2. d4 Nc6 3. Nf3 d5 4. e5 Nge7 5. h4 Ng6 6. h5 
Nge7 7. h6 gxh6 8. Bxh6 Bxh6 9. Rxh6 B@f4 10. Rh1 P@e3 11. fxe3 Bxe3 
12. P@f2 P@g4 13. fxe3 gxf3 14. Qxf3 Nb4 15. B@d3 Nxd3+ 16. Bxd3 B@e4 17. N@f6+ 
Kf8 18. P@g7+ Kxg7 19. B@h6+ Kg6 20. Qh5# 
{TheLongOne checkmated} 1-0

[Event "fics rated crazyhouse match"]
[Site "fics, Oklahoma City, OK USA"]
[Date "2000.09.23"]
[White "ronenl"]
[WhiteElo "2298"]
[Black "BEO"]
[BlackElo "2224"]
[TimeControl "120+0"]
[Result "1-0"]

1. e4 e6 2. Nc3 d5 3. exd5 exd5 4. d4 Nf6 5. Nf3 Be7 6. Bg5 
Nc6 7. P@e5 Ng8 8. Bxe7 Ngxe7 9. B@h4 Bg4 10. Bb5 O-O 11. Bxc6 bxc6 
12. Bxe7 Qxe7 13. N@h6+ gxh6 14. N@f6+ Kh8 15. Nxg4 P@g7 16. O-O N@f4 17. B@f6 
Qe6 18. Nxh6 gxf6 19. exf6 Qxf6 20. P@g5 Qd6 21. P@g7+ Kxg7 22. Nf5+ Kg8 
23. Nxd6 cxd6 24. Qd2 Ne6 25. Rfe1 P@g7 26. Rxe6 fxe6 27. N@h6+ gxh6 28. gxh6 
N@f5 29. P@g7 Nxg7 30. hxg7 Kxg7 31. Qg5+ R@g6 32. N@h5+ Kh8 33. Q@g7+ Rxg7 
34. Qxg7# 
{BEO checkmated} 1-0

[Event "fics rated crazyhouse match"]
[Site "fics, Oklahoma City, OK USA"]
[Date "2000.09.23"]
[White "TheLongOne"]
[WhiteElo "2212"]
[Black "nasnad"]
[BlackElo "2369"]
[TimeControl "60+0"]
[Result "1-0"]

1. e4 Nf6 2. Nc3 e5 3. Bc4 Nc6 4. Nf3 Bc5 5. d3 Kf8 6. Bg5 
Be7 7. Qd2 d6 8. Bxf6 Bxf6 9. Nd5 B@e7 10. Nxe7 Nxe7 11. N@h5 N@e8 
12. Nxf6 Nxf6 13. B@g5 N@g8 14. B@h4 Nc6 15. Bxf6 Nxf6 16. N@h5 Nxh5 17. Bxd8 
Nxd8 18. Qg5 N@f6 19. Nxe5 dxe5 20. P@h6 B@f4 21. hxg7+ Nxg7 22. Qxf6 P@d2+ 
23. Kf1 B@e7 24. Qxg7+ Kxg7 25. N@h5+ Kf8 26. P@g7+ Ke8 27. gxh8=Q+ Kd7 28. N@f6+ 
Kd6 29. Q@d5# 
{nasnad checkmated} 1-0

[Event "fics rated crazyhouse match"]
[Site "fics, Oklahoma City, OK USA"]
[Date "2000.09.23"]
[White "nasnad"]
[WhiteElo "2358"]
[Black "TheLongOne"]
[BlackElo "2223"]
[TimeControl "60+0"]
[Result "1-0"]

1. e4 Nc6 2. d4 d6 3. Nf3 Nf6 4. Nc3 Bg4 5. Be2 Qd7 6. h3 
Bxf3 7. Bxf3 N@h4 8. B@g4 Nxg4 9. Bxg4 e6 10. Rg1 B@a5 11. N@f3 Nxf3+ 
12. Bxf3 N@b5 13. Bd2 Nbxd4 14. N@c4 Nxf3+ 15. gxf3 B@b4 16. Nxa5 Bxa5 17. N@c4 
P@b6 18. Nxa5 bxa5 19. B@a4 a6 20. B@d5 N@c5 21. Baxc6 bxc6 22. Bc4 N@d4 
23. N@g5 B@h6 24. Be2 Bxg5 25. Bxg5 Nxe2 26. Qxe2 N@d4 27. Qd1 Nb5 28. B@e3 
Nxc3 29. bxc3 B@b2 30. Bd2 Bxa1 31. Qxa1 N@e5 32. N@d4 Ncd3+ 33. cxd3 Nxd3+ 
34. Kf1 P@c2 35. Nxc2 R@e5 36. B@e2 Nc5 37. P@d4 Nxe4 38. fxe4 Rxe4 39. N@c5 
{TheLongOne forfeits on time} 1-0

[Event "fics rated crazyhouse match"]
[Site "fics, Oklahoma City, OK USA"]
[Date "2000.09.23"]
[White "BEO"]
[WhiteElo "2218"]
[Black "ronenl"]
[BlackElo "2304"]
[TimeControl "120+0"]
[Result "0-1"]

1. e4 e6 2. d4 Nf6 3. Bd3 d5 4. e5 Ne4 5. Nf3 Nc6 6. O-O 
Be7 7. Nbd2 Nxd2 8. Bxd2 N@e4 9. c3 Nxd2 10. Nxd2 B@e4 11. Nxe4 dxe4 
12. Bxe4 N@g5 13. Bd3 f5 14. exf6 Bxf6 15. B@g4 P@f5 16. Bh5+ g6 17. Bhe2 
O-O 18. P@e5 Nxe5 19. dxe5 Bxe5 20. P@d4 Bg7 21. N@e5 P@d6 22. Nf3 Nxf3+ 
23. Bxf3 P@e4 24. Bfxe4 fxe4 25. Bxe4 d5 26. Bf3 B@e4 27. P@e2 Bxf3 28. exf3 
B@h5 29. P@g3 Qg5 30. N@h3 Qe7 31. B@g5 Qf7 32. N@f4 e5 33. dxe5 Bxh3 
34. Nxh3 Bxe5 35. P@f4 P@f6 36. Bh6 Bd6 37. Bxf8 Rxf8 38. N@h6+ Kh8 39. Nxf7+ 
Rxf7 40. B@e6 Rf8 41. R@d7 B@e7 42. Bxd5 N@c5 43. Rxe7 Bxe7 44. P@f7 N@h6 
45. B@d4 N@e6 46. Bxe6 Nxe6 47. N@d7 B@g7 48. Nxf8 Bgxf8 49. R@g8+ Nxg8 50. fxg8=Q+ 
Kxg8 51. Bxf6 Bg7 
{BEO forfeits on time} 0-1

[Event "fics rated crazyhouse match"]
[Site "fics, Oklahoma City, OK USA"]
[Date "2000.09.23"]
[White "TheLongOne"]
[WhiteElo "2218"]
[Black "nasnad"]
[BlackElo "2363"]
[TimeControl "60+0"]
[Result "0-1"]

1. e4 Nf6 2. Nc3 e5 3. Bc4 Nc6 4. Nf3 Be7 5. d3 O-O 6. Bg5 
d6 7. Bxf6 Bxf6 8. N@f5 Bxf5 9. exf5 B@g4 10. B@e6 fxe6 11. fxe6 N@e7 
12. h4 B@f5 13. P@h3 Bxf3 14. Qxf3 N@d4 15. Qd1 Nb4 16. B@b3 d5 17. a3 
dxc4 18. axb4 cxb3 19. N@f7 Rxf7 20. exf7+ Kxf7 21. R@e3 Nxc2+ 22. Kf1 Nxe3+ 
23. fxe3 P@g3 24. N@g5+ Bxg5 25. hxg5 R@f2+ 26. Kg1 P@h2+ 27. Rxh2 gxh2+ 28. Kxh2 
B@h4 29. P@g3 Bxg3+ 30. Kxg3 R@d2 31. Qh5+ B@g6 32. Qh4 Rxg2+ 33. Kf3 N@h2# 
{TheLongOne checkmated} 0-1

[Event "fics rated crazyhouse match"]
[Site "fics, Oklahoma City, OK USA"]
[Date "2000.09.23"]
[White "ronenl"]
[WhiteElo "2310"]
[Black "BEO"]
[BlackElo "2212"]
[TimeControl "120+0"]
[Result "1-0"]

1. e4 e6 2. Nc3 d5 3. exd5 exd5 4. d4 Nf6 5. Bg5 Be7 6. P@e5 
Ng8 7. Bxe7 Nxe7 8. B@g5 Nbc6 9. Bxe7 Qxe7 10. N@h5 Qg5 11. f4 Qg6 
12. Nxd5 Qe4+ 13. Be2 Qxe5 
{BEO resigns} 1-0

[Event "fics rated crazyhouse match"]
[Site "fics, Oklahoma City, OK USA"]
[Date "2000.09.23"]
[White "nasnad"]
[WhiteElo "2368"]
[Black "TheLongOne"]
[BlackElo "2213"]
[TimeControl "60+0"]
[Result "1-0"]

1. e4 e6 2. d4 Nc6 3. Nf3 Nf6 4. e5 Nd5 5. Be2 d6 6. exd6 
Bxd6 7. P@e4 Bb4+ 8. c3 Nxc3 9. Nxc3 P@e5 10. Bb5 a6 11. Bxc6+ bxc6 
12. Nxe5 B@f6 13. N@g4 Bxe5 14. Nxe5 Qxd4 15. O-O Qxe5 16. B@g3 Bxc3 17. Bxe5 
P@d4 18. bxc3 P@h3 19. Bxg7 Rg8 20. N@f6# 
{TheLongOne resigns} 1-0

[Event "fics rated crazyhouse match"]
[Site "fics, Oklahoma City, OK USA"]
[Date "2000.09.23"]
[White "TheLongOne"]
[WhiteElo "2208"]
[Black "nasnad"]
[BlackElo "2373"]
[TimeControl "60+0"]
[Result "0-1"]

1. e4 Nf6 2. Nc3 e5 3. Bc4 Nc6 4. Bxf7+ Kxf7 5. Nf3 d6 6. d4 
Nxd4 7. Nxd4 exd4 8. Nd5 Nxd5 9. exd5 P@e6 10. N@g5+ Qxg5 11. Bxg5 B@e7 
12. Bxe7 Bxe7 13. P@h5 N@e5 14. B@f4 B@f5 15. Bxe5 dxe5 16. N@g3 B@e4 17. Nxe4 
Bxe4 18. f3 Bf5 19. B@e4 N@e3 20. Qe2 N@f4 21. Bxf5 Nfxg2+ 22. Kf2 exf5 
23. B@e6+ Bxe6 24. dxe6+ Kxe6 25. B@g6 B@h4+ 26. N@g3 N@h3# 
{TheLongOne checkmated} 0-1

[Event "fics rated crazyhouse match"]
[Site "fics, Oklahoma City, OK USA"]
[Date "2000.09.23"]
[White "nasnad"]
[WhiteElo "2377"]
[Black "TheLongOne"]
[BlackElo "2204"]
[TimeControl "60+0"]
[Result "1-0"]

1. e4 e5 2. Bc4 Nc6 3. Nc3 Bc5 4. Qg4 Qf6 5. Nd5 Qxf2+ 6. Kd1 
Bf8 7. Nh3 P@e2+ 8. Bxe2 Qc5 9. Nxc7+ Kd8 10. Nxa8 Bd6 11. P@c7+ Bxc7 
12. Nxc7 Kxc7 13. R@d5 Qb6 14. B@d6+ Kd8 15. Qxg7 N@f6 16. Qxh8 P@e7 17. R@f8+ 
Ne8 18. Rxe8+ Kxe8 19. Qxg8+ R@f8 20. N@g7+ Kd8 21. Qxf8# 
{TheLongOne checkmated} 1-0

[Event "fics rated crazyhouse match"]
[Site "fics, Oklahoma City, OK USA"]
[Date "2000.09.23"]
[White "BEO"]
[WhiteElo "2206"]
[Black "ronenl"]
[BlackElo "2316"]
[TimeControl "120+0"]
[Result "0-1"]

1. e4 e6 2. d4 d5 3. exd5 exd5 4. Nf3 Nc6 5. Bb5 Qe7+ 6. P@e5 
Bg4 7. h3 Bh5 8. Qd2 Bxf3 9. gxf3 N@h4 10. B@e2 P@e4 11. fxe4 dxe4 
12. P@h2 P@g2 13. Rg1 Rd8 14. Nc3 a6 15. Bxc6+ bxc6 16. Nxe4 B@f3 17. Nc3 
Bxe2 18. Qxe2 Rxd4 19. B@g5 B@f3 20. Qxa6 Qd7 21. P@d3 Be7 22. Bxh4 Bxh4 
23. N@c5 Qxh3 24. P@d7+ Rxd7 25. Nxd7 Qxd7 26. R@b8+ B@d8 27. N@c5 Qe7 28. Qc8 
Bg4 29. Qxd8+ Qxd8 30. Rxd8+ Bxd8 31. Be3 N@f3+ 32. Kd1 Nxg1+ 33. Kd2 Q@f1 
34. Rxf1 R@e2+ 35. Kc1 Nf3 36. Nxe2 P@d2+ 37. Bxd2 R@a1+ 38. B@b1 gxf1=Q+ 39. R@e1 
Qxe1+ 40. Bxe1 R@d1+ 41. Kxd1 Rxb1+ 42. R@c1 R@d2+ 43. Bxd2 Rxc1+ 44. Kxc1 R@h1# 
{BEO forfeits on time} 0-1

[Event "fics rated crazyhouse match"]
[Site "fics, Oklahoma City, OK USA"]
[Date "2000.09.23"]
[White "ronenl"]
[WhiteElo "2322"]
[Black "BEO"]
[BlackElo "2200"]
[TimeControl "120+0"]
[Result "1-0"]

1. e4 e6 2. Nc3 d6 3. d4 Nf6 4. Nf3 Be7 5. Bd3 Nc6 6. e5 
Nd5 7. Nxd5 exd5 8. N@h5 Bf8 9. Bg5 Qd7 10. Bf6 Qg4 11. Bxg7 Bxg7 
12. Nxg7+ Qxg7 13. B@f6 Qxg2 14. Rg1 Qxg1+ 15. Nxg1 Rg8 16. P@g7 P@e7 17. Bxh7 
exf6 18. Bxg8 B@e7 19. R@f8+ Bxf8 20. gxf8=Q+ Kxf8 21. B@h6+ P@g7 22. Bxg7+ Kxg7 
23. Q@h7+ Kf8 24. Qxf7# 
{BEO checkmated} 1-0

[Event "fics rated crazyhouse match"]
[Site "fics, Oklahoma City, OK USA"]
[Date "2000.09.23"]
[White "Bobeskillz"]
[WhiteElo "2266"]
[Black "Thufir"]
[BlackElo "2275"]
[TimeControl "120+0"]
[Result "1-0"]

1. Nc3 e6 2. e4 Nc6 3. d4 Bb4 4. a3 Bxc3+ 5. bxc3 d6 6. Bd3 
Nf6 7. B@h4 N@g6 8. Bcg5 Nxh4 9. Bxh4 B@e7 10. Nf3 Ng4 11. Bxe7 Qxe7 
12. O-O B@g6 13. h3 Nf6 14. e5 Nd5 15. c4 Nf4 16. B@g5 Nxh3+ 17. gxh3 
f6 18. exf6 gxf6 19. Bh4 P@e4 20. P@e5 dxe5 21. dxe5 exf3 22. Bxf6 Rg8 
23. Bxe7 Bxd3+ 24. P@g4 Bg6 25. N@f6+ Kf7 26. Qxf3 P@h2+ 27. Kxh2 P@f5 28. Nxg8 
B@g7 29. R@f6+ Kxg8 30. Rxg6 hxg6 31. P@h7+ Kf7 32. Q@g8+ Kxe7 33. Qxg7+ B@f7 
34. B@g5+ Ke8 35. h8=Q+ N@g8 36. Qhxg8+ Bxg8 37. Qxg8+ N@f8 38. P@f7+ Kd7 39. N@c5# 
{Thufir checkmated} 1-0

[Event "fics rated crazyhouse match"]
[Site "fics, Oklahoma City, OK USA"]
[Date "2000.09.23"]
[White "Thufir"]
[WhiteElo "2267"]
[Black "Bobeskillz"]
[BlackElo "2275"]
[TimeControl "120+0"]
[Result "1-0"]

1. e4 e6 2. d4 Nc6 3. Nf3 Nf6 4. e5 Ne4 5. Be2 d6 6. exd6 
Bxd6 7. P@e5 Bb4+ 8. c3 Be7 9. O-O P@g4 10. Ne1 h5 11. f3 gxf3 
12. Nxf3 P@g4 13. Nfd2 Nxd2 14. Bxd2 N@e4 15. Bxg4 hxg4 16. Qxg4 Nxd2 17. Nxd2 
B@g6 18. P@f6 B@e3+ 19. N@f2 Bxd2 20. fxg7 Rg8 21. P@f6 Bxf6 22. exf6 e5 
23. P@e7 Bxg4 24. exd8=Q+ Kxd8 25. P@e7+ Kc8 26. Nxg4 P@e2 27. B@d7+ Kxd7 28. N@c5+ 
Kc8 29. Q@d7+ Kb8 30. e8=Q+ B@d8 31. Qxg8 exf1=Q+ 32. Rxf1 Be3+ 33. P@f2 Bxf2+ 
34. Nxf2 N@f3+ 35. gxf3 R@g2+ 36. Kxg2 P@h3+ 37. Qxh3 Q@e6 38. N@d7+ Qxd7 39. Nxd7+ 
Kc8 40. Nb6# 
{Bobeskillz forfeits on time} 1-0

[Event "fics rated crazyhouse match"]
[Site "fics, Oklahoma City, OK USA"]
[Date "2000.09.23"]
[White "Bobeskillz"]
[WhiteElo "2266"]
[Black "Thufir"]
[BlackElo "2275"]
[TimeControl "120+0"]
[Result "0-1"]

1. e4 e6 2. Nc3 d6 3. d4 Nf6 4. Nf3 Be7 5. Bb5+ Nbd7 6. d5 
O-O 7. dxe6 fxe6 8. Ng5 P@f7 9. P@f5 exf5 10. exf5 c6 11. Bd3 P@h6 
12. Nxh7 Nxh7 13. P@g6 Nhf6 14. gxf7+ Kxf7 15. Ne4 Ne5 16. Nxf6 Bxf6 17. Qh5+ 
Ke7 18. N@g6+ Nxg6 19. fxg6 Qe8 20. O-O N@h8 21. Re1+ P@e5 22. P@c5 dxc5 
23. P@d6+ Kxd6 24. N@e4+ Kc7 25. Nxc5 P@d6 26. P@f7 Qe7 27. Ne4 P@f5 28. Nxf6 
Qxf6 29. B@h4 Qxg6 30. Qxg6 Nxg6 31. Q@e8 Bd7 32. Qxf8 Rxf8 33. R@g8 P@h3 
34. Rxf8 N@f3+ 35. Kf1 Q@g1+ 36. Ke2 N@d4+ 37. Ke3 Qxe1+ 38. R@e2 N@g4# 
{Bobeskillz checkmated} 0-1

[Event "fics rated crazyhouse match"]
[Site "fics, Oklahoma City, OK USA"]
[Date "2000.09.23"]
[White "Thufir"]
[WhiteElo "2283"]
[Black "Bobeskillz"]
[BlackElo "2258"]
[TimeControl "120+0"]
[Result "0-1"]

1. e4 e6 2. d4 Nc6 3. Nc3 Bb4 4. Nf3 Nf6 5. e5 Ne4 6. Bd3 
Nxc3 7. bxc3 Bxc3+ 8. Bd2 Bxd4 9. Nxd4 Nxe5 10. Qg4 Nxg4 11. N@h5 Rg8 
12. Bxh7 Q@e5+ 13. B@e2 Qxd4 14. Bxg8 Qxf2+ 15. Kd1 N@e3+ 16. Kc1 P@b2+ 17. Kxb2 
N@c4+ 18. Kb3 P@a4+ 19. Kxa4 b5+ 20. Kxb5 c6+ 21. Ka4 P@b5+ 22. Kb3 P@a4+ 
23. Kb4 Qa5+ 24. Kc5 d6+ 25. Kxc6 Qb6# 
{Thufir checkmated} 0-1

[Event "fics rated crazyhouse match"]
[Site "fics, Oklahoma City, OK USA"]
[Date "2000.09.23"]
[White "Bobeskillz"]
[WhiteElo "2267"]
[Black "Thufir"]
[BlackElo "2274"]
[TimeControl "120+0"]
[Result "1-0"]

1. e4 e6 2. Nc3 Nc6 3. d4 Nf6 4. e5 Nd5 5. Nxd5 exd5 6. Nf3 
d6 7. Bb5 Bg4 8. N@a5 N@b8 9. Nxb7 Qc8 10. Na5 dxe5 11. P@b7 Bb4+ 
12. Bd2 Qe6 13. Nxc6 Bxd2+ 14. Qxd2 exd4+ 15. Nce5+ P@d7 16. bxa8=Q O-O 17. N@f4 
Qe7 18. Nxd5 Qe6 19. P@e7 Re8 20. R@d8 Rxd8 21. exd8=Q+ B@e8 22. Qaxb8 R@f8 
23. N@e7+ Kh8 24. Qxe8 Rxe8 25. Qxe8# 
{Thufir checkmated} 1-0

[Event "fics rated crazyhouse match"]
[Site "fics, Oklahoma City, OK USA"]
[Date "2000.09.23"]
[White "Thufir"]
[WhiteElo "2266"]
[Black "Bobeskillz"]
[BlackElo "2275"]
[TimeControl "120+0"]
[Result "0-1"]

1. e4 e6 2. d4 Nc6 3. Nc3 Bb4 4. Nf3 Nf6 5. e5 Ne4 6. Bd3 
Nxc3 7. bxc3 Bxc3+ 8. Bd2 Bxd4 9. Nxd4 Nxe5 10. N@h5 Nxd3+ 11. cxd3 Rg8 
12. B@g5 P@f6 13. Bge3 e5 14. Nf5 B@f8 15. N@e4 d5 16. Neg3 P@g6 17. Nhxg7+ 
Bxg7 18. Nxg7+ Rxg7 19. Bh6 Rg8 20. B@a3 P@d6 21. P@h5 N@h4 22. Rg1 N@d4 
23. Rc1 Bf5 24. Nxf5 gxf5 25. B@g3 N@f3+ 26. gxf3 Nhxf3+ 27. Kf1 P@e2+ 28. Qxe2 
Nxe2 29. P@g6 Nexg1 30. gxf7+ Kxf7 31. P@g6+ Ke7 32. N@c3 P@g2+ 33. Kxg2 N@h4+ 
34. Bxh4 Nxh4+ 35. Kf1 Q@g2+ 36. Ke1 R@f1# 
{Thufir checkmated} 0-1

[Event "fics rated crazyhouse match"]
[Site "fics, Oklahoma City, OK USA"]
[Date "2000.09.23"]
[White "Bobeskillz"]
[WhiteElo "2283"]
[Black "Thufir"]
[BlackElo "2258"]
[TimeControl "120+0"]
[Result "1-0"]

1. e4 e6 2. Nc3 b6 3. d4 Bb7 4. Bd3 Nf6 5. Nf3 Bb4 6. e5 
Nd5 7. Bd2 Bxc3 8. bxc3 N@f4 9. O-O Nxd3 10. cxd3 B@g4 11. B@e2 d6 
12. h3 Bxf3 13. Bxf3 N@h4 14. B@g5 Nxf3+ 15. Qxf3 B@e7 16. Bxe7 Qxe7 17. B@g5 
f6 18. exf6 gxf6 19. Bxf6 Qxf6 20. Qxf6 Nxf6 21. P@f7+ Ke7 22. N@g8+ Rxg8 
23. fxg8=N+ Nxg8 24. R@g7+ P@f7 25. Rxg8 P@h2+ 26. Kxh2 Nc6 27. P@f6+ Kd7 28. Rxa8 
Bxa8 29. N@f8+ Kc8 30. Q@a6+ B@b7 31. P@d7+ Kb8 32. R@c8+ Bxc8 33. dxc8=Q# 
{Thufir checkmated} 1-0

[Event "fics rated crazyhouse match"]
[Site "fics, Oklahoma City, OK USA"]
[Date "2000.09.23"]
[White "Thufir"]
[WhiteElo "2251"]
[Black "Bobeskillz"]
[BlackElo "2290"]
[TimeControl "120+0"]
[Result "1-0"]

1. e4 e6 2. Nc3 Nc6 3. d4 Bb4 4. Nf3 Nf6 5. e5 Ne4 6. Bd3 
Nxc3 7. bxc3 Bxc3+ 8. Bd2 Bxd4 9. Nxd4 Nxe5 10. Bf4 Nxd3+ 11. Qxd3 B@g6 
12. Qd2 N@e4 13. Qe2 d6 14. N@h4 Nf6 15. Nxg6 hxg6 16. Bg5 P@b2 17. Rd1 
N@c3 18. B@b5+ P@c6 19. Qf3 Nxd1 20. Bxf6 b1=Q 21. O-O P@g4 22. Bxd8 Kxd8 
23. Qxg4 B@e7 24. Bxc6 R@g5 25. Nxe6+ Bxe6 26. Q@d7+ Bxd7 27. Qxd7# 
{Bobeskillz checkmated} 1-0

[Event "fics rated crazyhouse match"]
[Site "fics, Oklahoma City, OK USA"]
[Date "2000.09.23"]
[White "Thufir"]
[WhiteElo "2260"]
[Black "ronenl"]
[BlackElo "2295"]
[TimeControl "180+0"]
[Result "0-1"]

1. e4 e6 2. d4 d5 3. exd5 exd5 4. Nc3 Nc6 5. Bb5 Be7 6. Qe2 
Be6 7. P@h6 gxh6 8. Bxc6+ bxc6 9. N@g7+ Kf8 10. Nxe6+ fxe6 11. Qxe6 B@d7 
12. Bxh6+ Nxh6 13. Qxh6+ P@g7 14. Qf4+ P@f7 15. N@e5 B@e6 16. B@b7 N@b4 17. Rc1 
Rb8 18. P@a3 Rxb7 19. axb4 B@g5 20. N@g6+ hxg6 21. Nxg6+ Kg8 22. Nxe7+ Qxe7 
23. P@f6 Bxf4 24. fxe7 Q@d2+ 25. Kf1 Qxc1+ 26. B@e1 Qxe1+ 27. Kxe1 B@d2+ 28. Ke2 
R@e1+ 29. Kf3 Bg4# 
{Thufir checkmated} 0-1

[Event "fics rated crazyhouse match"]
[Site "fics, Oklahoma City, OK USA"]
[Date "2000.09.23"]
[White "ronenl"]
[WhiteElo "2302"]
[Black "Thufir"]
[BlackElo "2253"]
[TimeControl "180+0"]
[Result "0-1"]

1. e4 e6 2. Nc3 Nc6 3. d4 Nf6 4. e5 Nd5 5. Nxd5 exd5 6. Nf3 
d6 7. Bb5 Bd7 8. Qe2 dxe5 9. Bxc6 bxc6 10. dxe5 P@e4 11. Nd4 N@h4 
12. N@f4 B@g4 13. f3 exf3 14. gxf3 Nxf3+ 15. Nxf3 P@e4 16. P@g2 P@g5 17. P@h3 
exf3 18. gxf3 Bxh3 19. Nxh3 Bxh3 20. Rg1 N@d4 21. Qf2 Bc5 22. B@e3 N@f5 
23. Bxd4 Bxd4 24. P@e3 Bxe5 25. N@b7 Qe7 26. N@d3 Bf6 27. Na5 B@b4+ 28. Bd2 
Bxa5 29. Bxa5 Nxe3 30. B@c5 Nxc2+ 31. Kd1 N@e3+ 32. Kc1 P@d6 33. Bxe3 Nxe3 
34. N@b4 P@b7 35. N@d2 Nf5 36. Re1 P@e3 37. Rxe3 Nxe3 38. Qxe3 Qxe3 39. Bxc7 
R@c4# 
{ronenl resigns} 0-1

[Event "fics rated crazyhouse match"]
[Site "fics, Oklahoma City, OK USA"]
[Date "2000.09.23"]
[White "LINDEGREN"]
[WhiteElo "2366"]
[Black "Sunsetter"]
[BlackElo "2319"]
[TimeControl "120+0"]
[Result "0-1"]

1. e4 e5 2. Nf3 Nc6 3. Bc4 Nf6 4. O-O Be7 5. d3 d6 6. Nc3 
Bg4 7. h3 Bh5 8. Be3 Nd4 9. Bxd4 exd4 10. Nd5 Nxd5 11. Bxd5 c6 
12. Bb3 B@e5 13. N@g4 Bxg4 14. hxg4 N@f4 15. Nxe5 dxe5 16. B@f3 N@g5 17. N@h5 
Nxf3+ 18. Qxf3 N@g5 19. Nxg7+ Kf8 20. Qg3 Ne2+ 21. Kh2 Nxg3 22. fxg3 B@f3 
23. B@h6 Q@d2 24. P@f2 Bxg2 25. Ne6+ Ke8 26. Nxd8 Bxf1 27. Bxg5 Qxf2# 
{LINDEGREN resigns} 0-1

[Event "fics rated crazyhouse match"]
[Site "fics, Oklahoma City, OK USA"]
[Date "2000.09.23"]
[White "Sunsetter"]
[WhiteElo "2328"]
[Black "LINDEGREN"]
[BlackElo "2357"]
[TimeControl "120+0"]
[Result "0-1"]

1. e4 Nf6 2. Nc3 Nc6 3. d4 d5 4. exd5 Nxd5 5. Nxd5 Qxd5 6. Nf3 
e6 7. Be3 Bb4+ 8. c3 Be7 9. Rg1 N@f5 10. Bf4 Qd8 11. Bd3 O-O 
12. Bxf5 exf5 13. d5 P@e4 14. Nd2 B@e5 15. Bxe5 Nxe5 16. P@c2 Qxd5 17. N@f4 
Qd8 18. N@d5 P@d3 19. Nxe7+ Qxe7 20. B@b4 c5 21. Bxc5 Qxc5 22. B@d4 dxc2 
23. Qxc2 N@d3+ 24. Nxd3 Nxd3+ 25. Qxd3 exd3 26. N@h6+ Kh8 27. Nxf7+ Rxf7 28. Bxg7+ 
Rxg7 29. N@d4 N@c2+ 30. Kd1 Nxd4 31. cxd4 Q@e2# 
{Sunsetter checkmated} 0-1